 Dungeon Crawl Stone Soup version 0.18.1-47-g9310371 (webtiles) character file.

55 sveltemanboy the Chucker (level 3, -4/37 HPs)
             Began as an Ogre Hunter on June 19, 2016.
             Slain by a gnoll
             ... wielding a +0 spear
              (8 damage)
             ... on level 2 of the Dungeon.
             The game lasted 00:03:57 (1399 turns).

sveltemanboy the Chucker (Ogre Hunter)              Turns: 1399, Time: 00:03:58

Health: -4/37      AC:  3    Str: 18    XL:     3   Next: 93%
Magic:  3/3        EV: 10    Int: 10    God:
Gold:   49         SH:  0    Dex: 10    Spells: 0 memorised, 2 levels left

rFire  . . .     SeeInvis .     n - +0 whip
rCold  . . .     Gourm    .     b - +0 robe
rNeg   . . .     Faith    .     (no shield)
rPois  .         Spirit   .     (helmet restricted)
rElec  .         Dismiss  .     (no cloak)
rCorr  .         Reflect  .     (gloves unavailable)
SustAt .         Harm     .     (boots unavailable)
MR     .....                    (no amulet)
Stlth  +.........               (no ring)
                                i - ring of wizardry

@: not resistant to hostile enchantments, very unstealthy
A: unfitting armour, tough skin 1
a: no special abilities


You were on level 2 of the Dungeon.
You were not hungry.

You visited 1 branch of the dungeon, and saw 2 of its levels.

You collected 49 gold pieces.

Inventory:

Hand Weapons
 n - a +0 whip (weapon)
Missiles
 e - 5 tomahawks (quivered)
 o - 46 stones
Armour
 b - a +0 robe (worn)
Jewellery
 i - a ring of wizardry (left hand)
Scrolls
 g - a scroll of remove curse {unknown}
 h - a scroll of identify {unknown}
 k - a scroll of magic mapping {unknown}
 l - a scroll of random uselessness {unknown}
 m - a scroll of enchant armour {unknown}
Potions
 a - a potion of might {unknown}
 j - a potion of ambrosia {unknown}
 q - a potion of heal wounds {unknown}
Comestibles
 f - a bread ration
 p - 4 chunks of flesh


   Skills:
 + Level 3.6 Fighting
 * Level 2.1 Maces & Flails
 - Level 4.1 Throwing
 + Level 1.3 Armour
 - Level 2.0 Dodging
 - Level 0.7 Stealth


You had 2 spell levels left.
You didn't know any spells.

Dungeon Overview and Level Annotations

Branches:
Dungeon (2/15)

Altars:
Ashenzari
Kikubaaqudgha


Innate Abilities, Weirdness & Mutations

You are too large for most types of armour.
You have tough skin (AC +1).


Message History

Throwing (i - inventory. (,) - cycle):
d - a throwing net (quivered)
Press: ? - help, Shift-Dir - straight line, f - gnoll
Aim: a gnoll, wielding a spear You throw a throwing net.
The throwing net barely misses the gnoll.
The gnoll barely misses you.
Throwing (i - inventory. (,) - cycle):
e - 7 tomahawks (quivered)
Press: ? - help, Shift-Dir - straight line, f/p - gnoll
Aim: a gnoll, wielding a spear You throw a tomahawk.
The tomahawk hits the gnoll.
The gnoll is moderately wounded.
The gnoll hits you from afar with a spear.
* * * LOW HITPOINT WARNING * * *
Throwing (i - inventory. (,) - cycle):
e - 6 tomahawks (quivered)
Press: ? - help, Shift-Dir - straight line, f/p - gnoll
Aim: a gnoll, wielding a spear (moderately wounded)
You throw a tomahawk. The tomahawk hits the gnoll!
The gnoll is almost dead.
The gnoll hits you from afar with a spear!
You die...

.......# #...# ## ...<...#
..... ... ...###...#
##.... ... #### ##.. ...#
##.### # # #..##...(.# #
#..#....... ####
#.#.(.....
...##############.g(.._...
##..............@.#†......
###############..#gg.....
#..##.(...# #.(####.###
#......... #......!.(.
###########


You could see a gnoll.

Vanquished Creatures
  2 gnolls (D:2)
  An ooze (D:2)
  A worm (D:2)
  A ball python (D:1)
  4 bats
  A giant cockroach (D:1)
  A goblin (D:2)
  4 hobgoblins
  7 kobolds
  3 giant newts (D:1)
  6 rats
31 creatures vanquished.

Notes
Turn   | Place    | Note
--------------------------------------------------------------
     0 | D:1      | sveltemanboy the Ogre Hunter began the quest for the Orb.
     0 | D:1      | Reached XP level 1. HP: 22/22 MP: 1/1
   209 | D:1      | Reached XP level 2. HP: 29/29 MP: 2/2
   998 | D:1      | Reached skill level 1 in Maces & Flails
  1192 | D:2      | Reached skill level 1 in Armour
  1209 | D:2      | Reached XP level 3. HP: 26/37 MP: 3/3
  1277 | D:2      | Found a shattered altar of Ashenzari.
  1348 | D:2      | Found an ancient bone altar of Kikubaaqudgha.
  1399 | D:2      | Slain by a gnoll

Skill      XL: |  1  2  3 |
---------------+----------+-----
Fighting       | 3 |  3.6
Dodging        | 2 |  2.0
Maces & Flails | 1 2 |  2.1
Armour         | 1 |  1.3
Throwing       | |  4.1
Stealth        | |  0.7

Action                   || total
-------------------------++-------
Melee: Unarmed           ||    35
       Whip              ||    19
Throw: Tomahawk          ||    21
       Stone             ||    57
       Throwing net      ||     2
       Large rock        ||     5
  Eat: Chunk             ||     1
Armor: Robe              ||    18
Dodge: Dodged            ||    28
